 Dungeon Crawl Stone Soup version 0.28.0 (webtiles) character file.

Game seed: 1723444910364619471

248 Sanktem7 the Chopper (level 5, -2/47 HPs)
             Began as a Minotaur Fighter on Feb 12, 2022.
             Splashed by a jelly's acid (7 damage)
             ... on level 4 of the Dungeon.
             The game lasted 00:03:34 (2382 turns).

Sanktem7 the Chopper (Minotaur Fighter)             Turns: 2382, Time: 00:03:36

Health: -2/47      AC:  0    Str: 26    XL:     5   Next: 86%
Magic:  0/4        EV:  6    Int:  0    God:
Gold:   80         SH:  4    Dex: 10    Spells: 4/4 levels left

rFire   . . .      SeeInvis .   a - +0 war axe
rCold   . . .      Faith    .   c - +0 buckler
rNeg    . . .      Spirit   +   j - +0 plate armour
rPois   +          Reflect  .   (helmet restricted)
rElec   .          Harm     .   (no cloak)
rCorr   .          Rampage  .   (no gloves)
Will    .....                   (no boots)
Stlth   ..........              q - amulet of guardian spirit
HPRegen 0.15/turn               n - ring of the Muttering Traitor {rPois Str+4 Int-5}
MPRegen 0.09/turn               (no ring)

@: corroded, slowed, lost intelligence, unable to read, very slow
A: horns 2, retaliatory headbutt
a: no special abilities


You were on level 4 of the Dungeon.
You visited 1 branch of the dungeon, and saw 4 of its levels.

You collected 80 gold pieces.

Inventory:

Hand Weapons
 a - a +0 war axe (weapon)
Armour
 c - a +0 buckler (worn)
 j - a +0 plate armour (worn)
Jewellery
 g - a ring of magical power
 n - the ring of the Muttering Traitor (left hand) {rPois Str+4 Int-5}
   (You found it on level 3 of the Dungeon)

   [ring of poison resistance]

   Str:       It affects your strength (+4).
   Int:       It affects your intelligence (-5).
   rPois:     It protects you from poison.
 q - an amulet of guardian spirit (around neck)
Wands
 p - a wand of digging (3)
Scrolls
 b - 2 scrolls of holy word {unknown}
 e - a scroll of fog {unknown}
 k - 2 scrolls of noise {unknown}
 l - a scroll of acquirement {unknown}
 m - a scroll of blinking {unknown}
Potions
 d - a potion of might
 f - 2 potions of curing {unknown}
 h - 2 potions of brilliance {unknown}
 i - a potion of attraction {unknown}
 o - a potion of magic {unknown}


   Skills:
 * Level 4.6 Fighting
 * Level 5.8 Axes
 * Level 5.1 Armour
 + Level 0.1 Dodging
 - Level 3.7 Shields


You had 4 spell levels left.
You didn't know any spells.
Your spell library contained the following spells:

 Spells                   Type           Power      Damage    Failure   Level
 Animate Skeleton         Necr           0%         N/A       100%        1
 Apportation              Tloc           0%         N/A       100%        1
 Beastly Appendage        Tmut           0%         N/A       100%        1
 Summon Small Mammal      Summ           0%         N/A       100%        1
 Static Discharge         Conj/Air       0%         N/A       100%        2
 Wereblood                Tmut           0%         N/A       100%        2
 Spider Form              Tmut/Pois      0%         N/A       100%        3
 Dispel Undead            Necr           0%         3d6       100%        4
 Sticky Flame             Conj/Fire      0%         2d3       100%        4
 Iskenderun's Battlesphe  Conj           0%         2d6       100%        5
 Iron Shot                Conj/Erth      0%         9d1       100%        6
 Spellforged Servitor     Conj/Summ      0%         N/A       100%        7


Dungeon Overview and Level Annotations

Branches:
Dungeon (4/15)
 Temple: D:4-7

Altars:
Ashenzari
Beogh


Innate Abilities, Weirdness & Mutations

You have a pair of horns on your head.
You reflexively headbutt those who attack you in melee.


Message History

You see here a ball python corpse.
q - an amulet of guardian spirit You feel stronger.
You feel stupid.
You have lost your intelligence.
n - the ring of the Muttering Traitor (left hand) {rPois Str+4 Int-5} You can move again.
You start putting on your amulet.
You continue putting on your amulet of guardian spirit. x5
You finish putting on your amulet of guardian spirit.
You feel your power drawn to a protective spirit.
q - an amulet of guardian spirit (around neck)
You hear a distant slurping noise.
You now have 80 gold pieces (gained 12).
As you open the door, it creaks loudly!
You hear a distant slurping noise.
There is an open door here.
You hear a distant slurping noise.
You hear a squelching noise. 2 jellies come into view.
The jelly quivers. x2
There are monsters nearby!
The jelly closely misses you.
You hit the jelly.
Your hands burn!
The jelly is lightly wounded.
The jelly jiggles.
The jelly hits you.
You are splashed with acid!
The jelly barely misses you.
You slash the jelly!
Your hands burn!
You headbutt the jelly!
You kill the jelly!
You hit the jelly. The acid corrodes you!
Your hands burn!
The jelly barely misses you. You furiously retaliate!
You headbutt the jelly! The jelly hits you. The acid corrodes you!
You are splashed with acid.
The jelly hits you but does no damage. The jelly hits you but does no damage.
The jelly hits you.
You are splashed with acid!
* * * LOW HITPOINT WARNING * * *
You hit the jelly. The acid corrodes you!
Your hands burn!
* * * LOW HITPOINT WARNING * * *
The jelly is heavily wounded.
The jelly hits you.
* * * LOW HITPOINT WARNING * * *
You are splashed with acid!
You die...

#.# #.# ........ #.#
#.# ######## #.# #.#
#.. #.# #)# #.# #.# #.#
##### #.# #.# #†# #...#
#.# ###.#
#.####...###.#
+...######....'...+...#
###...@....####...##...
+..J.................
#..|.....#########...
............. +...
..##........### #... ..
#........# #### .
#........# .........#
.......###


You could see a jelly.

Vanquished Creatures
  A jelly (D:4)
  A centaur zombie (D:4)
  2 bullfrog skeletons
  Natasha (D:4)
  An orc wizard (D:3)
  An adder (D:4)
  A dart slug (D:2)
  6 orcs
  4 ball pythons
  9 endoplasms
  A giant cockroach (D:1)
  3 hobgoblins
  3 bats
  3 frilled lizards
  7 goblins
  6 kobolds
  5 rats
55 creatures vanquished.

Notes
Turn   | Place    | Note
-------+----------+-------------------------------------------
     0 | D:1      | Sanktem7 the Minotaur Fighter began the quest for the Orb.
     0 | D:1      | Reached XP level 1. HP: 19/19 MP: 0/0
   266 | D:1      | Reached XP level 2. HP: 27/27 MP: 1/1
  1129 | D:2      | Reached XP level 3. HP: 33/33 MP: 2/2
  1283 | D:2      | Found a faded altar of an unknown god.
  1554 | D:3      | Reached XP level 4. HP: 40/40 MP: 3/3
  1588 | D:3      | Identified the ring of the Muttering Traitor {rPois Str+4
                  | Int-5}
  1750 | D:3      | Found a broken altar of Ashenzari.
  2091 | D:4      | Noticed Natasha
  2098 | D:4      | Killed Natasha
  2251 | D:4      | Reached XP level 5. HP: 39/46 MP: 4/4
  2252 | D:4      | Reached skill level 5 in Axes
  2329 | D:4      | Reached skill level 5 in Armour
  2338 | D:4      | Lost intelligence.
  2382 | D:4      | Splashed by a jelly's acid

Illustrated notes

Levels and vault maps discovered:
D:1:      dpeg_arrival_rhombus, layout_loops_ring
D:2:      layout_loops_ring, hellmonk_ecumenical_altar_defaced_shrine,
          wander_ebering_terrifying_dragon_lair
D:3:      layout_basic, ashenzari_altar_1
D:4:      layout_basic, lemuel_round_altar,
          minmay_temple_entry_drinking_statues, uniq_natasha

Skill      XL: |  1  2  3  4  5 |
---------------+----------------+-----
Armour         | 4 5 |  5.1
Axes           | 3 4 5 |  5.8
Fighting       | 4 |  4.6
Dodging        | |  0.1
Shields        | |  3.7

Action                   |  1- 3 |  4- 6 || total
-------------------------+-------+-------++-------
Melee: War axe           |    62 |    45 ||   107
       Headbutt          |    10 |     7 ||    17
Armor: Scale mail        |    12 |       ||    12
       Plate armour      |    20 |    31 ||    51
Dodge: Dodged            |    25 |    15 ||    40
Block: Buckler           |    11 |     9 ||    20
